 Dungeon Crawl Stone Soup version 0.26.0-10-g1f06aea511 (webtiles) character file.

Game seed: 14925152187187227034

37 inc the Vexing (level 3, 0/14 HPs)
             Began as a Felid Enchanter on Jan 30, 2021.
             Was an Initiate of Dithmenos.
             Slain by a jackal (3 damage)
             ... on level 2 of the Dungeon.
             The game lasted 00:02:45 (2648 turns).

inc the Vexing (Felid Enchanter)                    Turns: 2648, Time: 00:02:46

Health: 0/14       AC:  1    Str:  4    XL:     3   Next: 23%
Magic:  6/7        EV: 18    Int: 16    God:    Dithmenos [......]
Gold:   98         SH:  0    Dex: 17    Spells: 5/6 levels left
                                        Lives:  0   Deaths: 0

rFire    . . .     SeeInvis +     - Unarmed
rCold    . . .     Faith    .   (shield unavailable)
rNeg     . . .     Spirit   .   (armour unavailable)
rPois    .         Reflect  .   (helmet unavailable)
rElec    .         Harm     .   (cloak unavailable)
rCorr    .         Rampage  .   (gloves unavailable)
Will     .....                  (boots unavailable)
Stlth    +++.......             (no amulet)
HPRegen  0.04/turn              (no ring)
MPRegen  0.10/turn              (no ring)

@: quick
A: very small, no armour, no weapons or thrown items, stealth, claws 1, fangs 3,
see invisible, speed 1, shaggy fur 1, sharp paws
a: Renounce Religion


You were on level 2 of the Dungeon.
You worshipped Dithmenos.
Dithmenos was noncommittal.
You visited 1 branch of the dungeon, and saw 2 of its levels.

You collected 98 gold pieces.

Inventory:

Jewellery
 f - an uncursed amulet of faith {unknown}
 h - an uncursed ring of resist corrosion {unknown}
 j - an uncursed ring of magical power {unknown}
Scrolls
 a - 2 scrolls of identify {unknown}
 c - 2 scrolls of remove curse {unknown}
 e - 2 scrolls of enchant weapon {unknown}
 i - a scroll of teleportation {unknown}
Potions
 b - 2 potions of flight {unknown}
 d - 3 potions of heal wounds {unknown}
 g - a potion of magic {unknown}


   Skills:
 - Level 2.6 Dodging
 - Level 4.0 Stealth
 + Level 3.2 Unarmed Combat
 - Level 2.0 Spellcasting
 - Level 4.4 Hexes


You had 5 spell levels left.
You knew the following spells:

 Your Spells              Type           Power        Failure   Level
a - Corona                Hex            16%          3%          1

Your spell library contained the following spells:

 Spells                   Type           Power        Failure   Level
 Confusing Touch          Hex            15%          11%         3
 Tukima's Dance           Hex            15%          11%         3
 Ensorcelled Hibernation  Hex/Ice        16%          13%         2
 Dazzling Flash           Conj/Hex       16%          26%         3


Dungeon Overview and Level Annotations

Branches:
Dungeon (2/15)

Altars:
Dithmenos


Innate Abilities, Weirdness & Mutations

You cannot wear armour.
You are incapable of wielding weapons or throwing items.
Your paws allow you to move quietly. (Stealth)
You have sharp claws.
You have razor-sharp teeth.
You have supernaturally acute eyesight. (SInv)
You cover ground quickly.
You are covered in fur. (AC +1)
Your sharp claws are effective at attacking unaware monsters.


Message History

The jackal bites you.
You scratch the jackal but do no damage.
The jackal bites you.
You barely miss the jackal. The jackal bites you. x2
* * * LOW HITPOINT WARNING * * *
You closely miss the jackal. The jackal completely misses you.
Casting: Corona (safe; 3% risk of failure)
Confirm with . or Enter, or press ? or * to list all spells.
You don't know that spell.
The jackal misses you.
Casting: Corona (safe; 3% risk of failure)
Confirm with . or Enter, or press ? or * to list all spells.
Aiming: Corona (safe; 3% risk of failure)
Press: ? - help, Shift-Dir - straight line, f - jackal
Aim: a jackal (chance to affect: 69%)
The jackal is outlined in light.
The jackal misses you.
You scratch the jackal.
The jackal is heavily wounded.
The jackal bites you.
You die...

#....#.###.# #.... #....#.....##
... . #....#♣.♣#....... g.
#....#♣†♣ ...?.. ... #....#♣.♣
..##.# ...g ########....#♣.♣
#.##.##gg# #...........#♣K♣
#.##.....# ####.######.#♣h♣
#.##.###.##. ###.......#♣@♣
#...........
###.........#♣.♣###.##.###.##.#
###.#..........♣.♣...............
#...#.........##...#..##.###.#...
...#.........######..##.###.#..#
..#..♣♣♣♣♣.............# ..#..#
#.#.♣.P♣P♣♣............♣.♣.....
.##.#.......♣..####...#..♣.♣.....
....†.♣P♣P♣♣♣†.####......♣.♣....#


You could see a jackal (corona) and a kobold.

Vanquished Creatures
  A dart slug (D:1)
  A leopard gecko (D:2)
  6 bats
  2 giant cockroaches (D:1)
  5 hobgoblins
  7 jackals
  4 frilled lizards
  2 kobolds (D:1)
  2 rats (D:1)
30 creatures vanquished.

Vanquished Creatures (others)
  2 plants (D:2)
2 creatures vanquished.

Grand Total: 32 creatures vanquished

Notes
Turn   | Place    | Note
-------+----------+-------------------------------------------
     0 | D:1      | inc the Felid Enchanter began the quest for the Orb.
     0 | D:1      | Reached XP level 1. HP: 7/7 MP: 4/4
   295 | D:1      | Reached XP level 2. HP: 2/11 MP: 6/6
  2322 | D:2      | Reached XP level 3. HP: 9/14 MP: 4/7
  2516 | D:2      | Found a shadowy altar of Dithmenos.
  2533 | D:2      | Became a worshipper of Dithmenos the Shadowed
  2648 | D:2      | Slain by a jackal

Illustrated notes

Levels and vault maps discovered:
D:1:      dpeg_arrival_yet_another_circle, layout_loops_ring,
          supply_closet_lemuel
D:2:      layout_basic, grunt_dithmenos_smoke, minmay_overflow_temple_star_quad,
          serial_forest, infiniplex_forest_end_1, infiniplex_forest_straight_3,
          infiniplex_forest_lined_room_, infiniplex_forest_lined_corner,
          infiniplex_forest_straight_2, infiniplex_forest_lined_1,
          infiniplex_forest_clump_double

Skill      XL: |  1  2 |
---------------+-------+-----
Unarmed Combat | 2 3 |  3.2
Dodging        | |  2.6
Stealth        | |  4.0
Spellcasting   | |  2.0
Hexes          | |  4.4

Action                   || total
-------------------------++-------
Melee: Unarmed           ||   132
       Bite              ||     8
       Punch             ||     3
 Cast: Corona            ||     8
 Stab: Sleeping          ||     3
Armor: Skin              ||    16
Dodge: Dodged            ||   129
